 Dungeon Crawl Stone Soup version bcrawl-1.14 (webtiles) character file.

Game seed: 7480918318262349775

107 Revguard the Ducker (level 4, -8/34 HPs)
             Began as a Demonspawn Archaeologist on Sept 9, 2019.
             Killed by divine providence
             ... invoked by an orc priest
              (12 damage)
             ... on level 3 of the Dungeon.
             The game lasted 00:06:08 (2117 turns).

Revguard the Ducker (Demonspawn Archaeologist)      Turns: 2117, Time: 00:06:08

Health: -8/34      AC:  5    Str: 11    XL:     4   Next: 57%
Magic:  0/4        EV: 13    Int: 16    God:
Gold:   192        SH:  0    Dex: 14    Spells: 3/3 levels left

rFire    . . .     SeeInvis .   h - +0 flail
rCold    . . .     Gourm    .   (no shield)
rNeg     . . .     Faith    .   q - -2 leather armour (curse)
rPois    .         Spirit   +   c - +1 hat
rElec    .         Reflect  .   (no cloak)
rCorr    .         Harm     .   n - +0 pair of gloves
MR       .....                  d - +1 pair of boots
Stlth    +++.......             l - amulet of magic regeneration
HPRegen  0.11/turn              (no ring)
MPRegen  0.34/turn              (no ring)

@: studying Staves
A: thin skeletal structure 1, magic shield
a: no special abilities


You were on level 3 of the Dungeon.
You were not hungry.

You visited 1 branch of the dungeon, and saw 3 of its levels.

You collected 192 gold pieces.

Inventory:

Hand Weapons
 h - a +0 flail (weapon)
Armour
 c - a +1 hat (worn)
 d - a +1 pair of boots (worn)
 k - a +1 plate armour
 n - a +0 pair of gloves (worn)
 q - a cursed -2 leather armour (worn)
Jewellery
 l - an amulet of magic regeneration (around neck)
Scrolls
 i - 3 scrolls of identify
 j - a scroll of amnesia {unknown}
 s - a scroll of teleportation
Potions
 b - a potion of berserk rage {unknown}
 o - a potion of degeneration {unknown}
 p - a potion of ambrosia {unknown}
 r - a potion of curing {unknown}
Books
 e - a manual of Staves
Miscellaneous
 f - an ancient crate
Comestibles
 a - a chunk of flesh
 g - 4 rations {!d}


   Skills:
 * Level 2.5 Fighting
 - Level 1.5(1.7) Maces & Flails
 * Level 1.0(1.4) Staves
 + Level 1.3 Armour
 + Level 3.3 Dodging
 - Level 3.0 Stealth
 * Level 1.2 Evocations


You had 3 spell levels left.
You didn't know any spells.
Your spell library was empty.

Dungeon Overview and Level Annotations

Branches:
Dungeon (3/12)

Altars:


Innate Abilities, Weirdness & Mutations

You have a somewhat thin skeletal structure. (Dex +2, Stealth)
When hurt, damage is shared between your health and your magic reserves.


Message History

The ball python hisses angrily.
The orc priest shouts!
The ball python closely misses you. The ball python grabs you.
The ball python constricts you.
You escape the ball python's grasp.
Things that are here:
a +0 flail; a +0 chain mail You hit the ball python.
You kill the ball python!
A goblin comes into view.
The orc priest hits you with a +0 dagger.
The goblin moves out of view.
You hit the orc priest.
The orc priest is lightly wounded.
The orc priest calls down the wrath of Beogh upon you.
Pain shoots through your body!
* * * LOW HITPOINT WARNING * * *
The orc priest mumbles some strange prayers to Beogh against you.
Beogh smites you!
You die...

....o..... . ♣P........
#. . ♣P........ #.# #.
♣P........ #.# ##..
♣♣♣...##. #.###...
♣...####.## ##.......
.#P♣♣.Po# #..###.......#
.......o#####..#.......##
.##.♣...@................
##P.########......###..
....#####♣..♣♣♣.##.....#
###.........P ♣♣#....###
#<# #.♣♣P.♣♣♣....####
#.####.♣♣♣♣..♣........
#.#.....♣♣PP.)#.#..##.
#.#......♣♣♣.♣#.##.##
#.#.......♣♣†♣.......


You could see 2 orc priests.

Vanquished Creatures
  Terence (D:3)
  2 worms (D:2)
  4 dart slugs
  2 leopard geckos
  An orc (D:3)
  2 ball pythons
  7 giant cockroaches
  3 goblins
  9 hobgoblins
  8 jackals (D:2)
  4 kobolds
  2 quokkas (D:2)
  4 bats
  3 frilled lizards (D:2)
  7 rats
59 creatures vanquished.

Notes
Turn   | Place    | Note
-------+----------+-------------------------------------------
     0 | D:1      | Revguard the Demonspawn Archaeologist began the quest for
                  | the Orb.
     0 | D:1      | Reached XP level 1. HP: 15/15 MP: 1/1
    89 | D:1      | Reached skill level 1 in Maces & Flails
   212 | D:1      | Gained mutation: When hurt, damage is shared between your
                  | health and your magic reserves. [demonic ancestry]
   212 | D:1      | Reached XP level 2. HP: 12/21 MP: 2/2
  1056 | D:2      | Reached XP level 3. HP: 17/26 MP: 3/3
  1773 | D:2      | Reached skill level 1 in Armour
  1837 | D:2      | Gained mutation: You have a somewhat thin skeletal
                  | structure. (Dex +2, Stealth) [demonic ancestry]
  1837 | D:2      | Reached XP level 4. HP: 33/33 MP: 4/4
  1863 | D:2      | Reached skill level 1 in Evocations
  2083 | D:3      | Noticed Terence
  2099 | D:3      | Killed Terence
  2099 | D:3      | Reached skill level 1 in Staves
  2117 | D:3      | Killed from afar by an orc priest

Skill      XL: |  1  2  3  4 |
---------------+-------------+-----
Maces & Flails | 1 |  1.5
Dodging        | 3 |  3.3
Fighting       | 2 |  2.5
Armour         | 1 |  1.3
Evocations     | 1 |  1.2
Staves         | 1 |  1.0
Stealth        | |  3.0

Action                   |  1- 3 |  4- 6 || total
-------------------------+-------+-------++-------
Melee: Whip              |    91 |       ||    91
       Mace              |    90 |       ||    90
       Flail             |    46 |    46 ||    92
  Use: Scroll            |     4 |     3 ||     7
       Potion            |     2 |       ||     2
 Stab: Sleeping          |       |     1 ||     1
  Eat: Chunk             |     3 |     1 ||     4
Armor: Ring mail         |    18 |       ||    18
       Robe              |     4 |       ||     4
       Plate armour      |   225 |    35 ||   260
       Leather armour    |       |     2 ||     2
Dodge: Dodged            |    74 |    16 ||    90
